 Dungeon Crawl Stone Soup version 0.29.1-15-g9cfb28693d (webtiles) character file.

Game seed: 3235850345184536415

1185 Peloso the Slasher (level 8, 0/70 HPs)
             Began as a Minotaur Fighter on Apr 27, 2023.
             Was a Follower of Okawaru.
             Slain by a phantom (2 damage)
             ... on level 6 of the Dungeon.
             The game lasted 00:10:03 (6166 turns).

Peloso the Slasher (Minotaur Fighter)               Turns: 6166, Time: 00:10:03

Health: 0/70       AC:  7    Str: 21    XL:     8   Next: 19%
Magic:  7/7        EV: 10    Int:  5    God:    Okawaru [*.....]
Gold:   240        SH:  5    Dex: 12    Spells: 7/7 levels left

rFire   . . .      SeeInvis .   a - +2 long sword (elec)
rCold   . . .      Faith    .   d - +0 buckler
rNeg    . . .      Spirit   .   c - +0 scale mail
rPois   +          Reflect  .   (helmet restricted)
rElec   .          Harm     .   (no cloak)
rCorr   .          Rampage  .   (no gloves)
Will    .....                   (no boots)
Stlth   ..........              (no amulet)
HPRegen 0.21/turn               i - ring of poison resistance
MPRegen 0.10/turn               (no ring)

@: no status effects
A: horns 2, retaliatory headbutt
a: Renounce Religion, Heroism


You were on level 6 of the Dungeon.
You worshipped Okawaru.
Okawaru was aware of your devotion.
You visited 1 branch of the dungeon, and saw 6 of its levels.

You collected 417 gold pieces.
You spent 177 gold pieces at shops.

Inventory:

Hand Weapons
 a - a +2 long sword of electrocution (weapon)
 b - a +2 long sword of holy wrath
Armour
 c - a +0 scale mail (worn)
 d - a +0 buckler (worn)
Jewellery
 e - a +6 ring of intelligence
 i - a ring of poison resistance (left hand)
 o - a +4 ring of slaying
Scrolls
 j - a scroll of teleportation
 n - a scroll of magic mapping
 q - 4 scrolls of poison
 r - a scroll of summoning {unknown}
 t - a scroll of identify
Potions
 f - a potion of brilliance {unknown}
 g - 2 potions of berserk rage
 h - a potion of mutation
 k - 2 potions of cancellation {unknown}
 l - a potion of might
 m - 2 potions of magic
 s - 2 potions of heal wounds {unknown}
 u - a potion of haste {unknown}


   Skills:
 + Level 5.8 Fighting
 + Level 7.6 Long Blades
 + Level 6.5 Armour
 + Level 3.0 Dodging
 + Level 1.2 Stealth
 + Level 5.3 Shields


You had 7 spell levels left.
You didn't know any spells.
Your spell library contained the following spells:

 Spells                   Type           Power      Damage    Failure   Level
 Ensorcelled Hibernation  Hex/Ice        0%         N/A       95%         2
 Passwall                 Tmut/Erth      0%         N/A       95%         2
 Swiftness                Air            0%         N/A       99%         3


Dungeon Overview and Level Annotations

Branches:
Dungeon (6/15)
 Temple: D:4-7

Altars:
Kikubaaqudgha
Nemelex Xobeh
Okawaru
Uskayaw
Xom
Yredelemnul

Shops:
D:2 ([*(*


Innate Abilities, Weirdness & Mutations

You have a pair of horns on your head.
You reflexively headbutt those who attack you in melee.


Message History

You see here 11 gold pieces.
You closely miss the phantom.
The phantom is severely damaged.
The centaur shoots an arrow.
The arrow closely misses you. You block the phantom's attack.
You hit the phantom.
The phantom is severely damaged.
The centaur shoots an arrow.
The arrow hits you!
* * * LOW HITPOINT WARNING * * *
The phantom hits you.
* * * LOW HITPOINT WARNING * * *
The phantom blinks!
You blink.
The centaur shoots an arrow.
The arrow hits you.
* * * LOW HITPOINT WARNING * * *
You feel better.
The centaur shoots an arrow.
The arrow barely misses you.
The phantom hits you but does no damage.
It was a potion of magic.
Magic courses through your body.
The centaur shoots an arrow.
The arrow hits you.
* * * LOW HITPOINT WARNING * * *
The phantom closely misses you. The phantom attacks as you move away!
You block the phantom's attack.
A hound comes into view.
The hound barks!
The centaur shoots an arrow.
The arrow hits you.
* * * LOW HITPOINT WARNING * * *
A bullfrog comes into view.
The iguana bites you but does no damage.
The centaur shoots an arrow.
The arrow hits you.
* * * LOW HITPOINT WARNING * * *
The centaur shoots an arrow.
You block the arrow. The iguana barely misses you.
The phantom attacks as you move away! The phantom hits you.
* * * LOW HITPOINT WARNING * * *
The centaur unwields a +0 shortbow.
You block the centaur's attack. The centaur barely misses you.
The centaur hits you.
* * * LOW HITPOINT WARNING * * *
The centaur kicks you but does no damage.
You slash the centaur!
You kill the centaur!
Okawaru accepts your kill. The phantom hits you.
You die...

................>..
...).....###.....##
.........# #####.#.
.........# #.#.
########.# #.#.
#########†## #.#.
####..........# #.#.
#....W$)......# #.##
#...hl@.......# #..
.................#
.......#.........$....
...#....#......[....#.#
.. #..###########+#...#
. ##. #### #.


You could see a phantom, an iguana and a hound.

Vanquished Creatures
  Sigmund (D:4)
  A wyvern (D:5)
  A black bear (D:5)
  2 centaurs
  An ogre (D:6)
  A phantom (D:5)
  A necrophage (D:5)
  A bullfrog (D:4)
  2 scorpions
  A wight (D:5)
  An orc priest (D:3)
  4 gnolls
  8 adders
  A shadow imp (D:4)
  2 worms
  A dart slug (D:1)
  14 orcs
  8 endoplasms
  3 giant cockroaches
  10 goblins
  9 hobgoblins
  8 jackals
  4 quokkas
  8 ball pythons
  7 bats
  2 frilled lizards
  6 kobolds
  6 rats
114 creatures vanquished.

Notes
Turn   | Place    | Note
-------+----------+-------------------------------------------
     0 | D:1      | Peloso the Minotaur Fighter began the quest for the Orb.
     0 | D:1      | Reached XP level 1. HP: 19/19 MP: 0/0
   210 | D:1      | Reached XP level 2. HP: 20/27 MP: 1/1
   419 | D:1      | Found a faded altar of an unknown god.
   746 | D:1      | Reached skill level 3 in Long Blades
   840 | D:1      | Reached XP level 3. HP: 33/33 MP: 2/2
  1608 | D:2      | Found Uxkev's General Store.
  1648 | D:2      | Found Sumu's Antique Armour Boutique.
  1657 | D:2      | Reached XP level 4. HP: 40/40 MP: 3/3
  1775 | D:2      | Found Itzochaa's Antique Weapon Emporium.
  1778 | D:2      | Reached skill level 4 in Long Blades
  1842 | D:2      | Found Xular's Assorted Antiques.
  1859 | D:2      | Bought a glowing long sword for 117 gold pieces
  1890 | D:2      | Found a sparkling altar of Nemelex Xobeh.
  1924 | D:2      | Bought an amethyst potion for 19 gold pieces
  1962 | D:2      | Found Bonamyuc's Weapon Shoppe.
  2565 | D:3      | Reached skill level 1 in Dodging
  2598 | D:3      | Found a basalt altar of Yredelemnul.
  3169 | D:3      | Reached XP level 5. HP: 45/46 MP: 4/4
  3332 | D:3      | Found a hide-covered altar of Uskayaw.
  3495 | D:2      | Bought a red potion for 19 gold pieces
  3500 | D:2      | Bought a scroll labelled MYIDUGEQIM for 22 gold pieces
  3613 | D:4      | Noticed Sigmund
  3624 | D:4      | Killed Sigmund
  3625 | D:4      | Reached skill level 5 in Long Blades
  3625 | D:4      | Reached skill level 1 in Stealth
  3625 | D:4      | Reached XP level 6. HP: 23/53 MP: 5/5
  3951 | D:4      | Reached skill level 5 in Armour
  4041 | D:4      | Found a sparkling altar of Nemelex Xobeh.
  4216 | D:4      | Found a shimmering altar of Xom.
  4399 | D:4      | Found an ancient bone altar of Kikubaaqudgha.
  4650 | D:4      | Found an iron altar of Okawaru.
  5023 | D:4      | Became a worshipper of Warmaster Okawaru
  5036 | D:5      | Entered Level 5 of the Dungeon
  5044 | D:5      | Reached skill level 6 in Long Blades
  5044 | D:5      | Reached XP level 7. HP: 50/60 MP: 6/6
  5101 | D:5      | Reached skill level 5 in Fighting
  5166 | D:5      | Reached skill level 5 in Shields
  5598 | D:5      | Reached * piety under Okawaru
  5679 | D:5      | Noticed a wyvern
  5684 | D:5      | Killed a wyvern
  5685 | D:5      | Reached skill level 7 in Long Blades
  5689 | D:5      | Reached XP level 8. HP: 20/70 MP: 4/7
  6165 | D:6      | HP: 3/70 [phantom (1)]
  6165 | D:6      | HP: 1/70 [centaur (2)]
  6166 | D:6      | Slain by a phantom

Illustrated notes

Levels and vault maps discovered:
D:1:      tarquinn_simple_flora_water_c, layout_basic, serial_forest,
          infiniplex_forest_lined_room_, infiniplex_forest_lined_3_way,
          infiniplex_forest_clump_curved, infiniplex_forest_clump_small,
          infiniplex_forest_clump_tiny, infiniplex_forest_lined_3_way,
          infiniplex_forest_zigzag_1, infiniplex_forest_lined_2,
          infiniplex_forest_clump_medium, shapermc_ecumenical_altar_mp_vishouse,
          chequers_serial_rivers_micro_e
D:2:      layout_loops_corners, basic_altar, serial_shops, shop, shop, shop,
          nicolae_shop_temple_entry_statues_fountains, shop
D:3:      cheibrodos_old_hovel, layout_loops_corners, nicolae_uskayaw_suspiria,
          mainiacjoe_overflow_tiny_flanked
D:4:      layout_basic, xom_teletrap_fun, kiku_gazebo_pond_becter,
          nemelex_altar_shiori, amcnicky_altar_gilded, uniq_sigmund
D:5:      layout_rooms, minmay_small_thing
D:6:      gammafunk_wand_slinger, layout_basic, nicolae_underground_beach,
          uniq_maggie

Skill      XL: |  1  2  3  4  5  6  7 |
---------------+----------------------+-----
Armour         | 4 5 6 |  6.5
Long Blades    | 3 4 5 6 7 |  7.6
Shields        | 4 5 |  5.3
Fighting       | 4 5 |  5.8
Dodging        | 1 3 |  3.0
Stealth        | 1 |  1.2

Action                   |  1- 3 |  4- 6 |  7- 9 || total
-------------------------+-------+-------+-------++-------
Melee: Long sword        |   117 |   134 |    55 ||   306
       Headbutt          |    10 |    20 |    12 ||    42
Invok: Heroism           |       |       |     1 ||     1
  Use: Scroll            |     2 |     5 |     3 ||    10
       Potion            |     2 |       |     2 ||     4
Armor: Scale mail        |    88 |    71 |    25 ||   184
Dodge: Dodged            |    66 |    46 |    34 ||   146
Block: Buckler           |    28 |    27 |    19 ||    74
